[ AOE2 MATCH · #505589048 ]
UnrankedMaya vs Mapuche
Player's team · WIN
Rival team · LOSS
[ REPLAY ANALYSIS · EXTRACTED FROM THE RECORDED GAME ]
Feudal
9:40
Castle
23:44
Imperial
—
| APM avg | 58.3 |
| APM peak | 121 |
| eAPM avg | 19.4 |
| Villagers / military | 65 / 61 |
Focus
⚔️ 28.5% · 🌾 71.5%
Archer ×34 · Eagle Scout ×12 · Militia ×10 · Mangonel ×3 · Monk ×2
Feudal
10:19
Castle
27:08
Imperial
—
| APM avg | 66.5 |
| APM peak | 111 |
| eAPM avg | 20.3 |
| Villagers / military | 54 / 26 |
Focus
⚔️ 21.8% · 🌾 78.2%
Skirmisher ×18 · Spearman ×5 · Scorpion ×2 · Unknown (2550) ×2 · Mangonel ×1
Match map
Initial resources + every placement click. Lines = walls · curves = elevation contours. ◆ gold · ⬟ stone · ● berries · ✦ relic · ◌ wall gap
Your base· Open — unwalled flank
Nagflar's base· ✓ Closed at 27:08 · 29t walls · no gate
Smoothed initial terrain · ◌ = detected wall gap · hover for details
Inputs per minute
— Dafixios - - Nagflar
Build order — Dafixios
First 150 of 201 actions detected
| 0:01 | Queue | Villager (Male) ×3 |
| 0:02 | Build | House |
| 0:05 | Build | House |
| 0:07 | Research | Loom |
| 0:08 | Queue | Villager (Male) |
| 0:08 | Queue | Villager (Male) ×2 |
| 0:08 | Queue | Villager (Male) ×2 |
| 1:40 | Queue | Villager (Male) |
| 1:40 | Queue | Villager (Male) |
| 2:09 | Queue | Villager (Male) |
| 2:09 | Queue | Villager (Male) |
| 2:17 | Build | Lumber Camp |
| 2:18 | Queue | Villager (Male) |
| 2:18 | Queue | Villager (Male) |
| 2:39 | Queue | Villager (Male) |
| 2:39 | Queue | Villager (Male) |
| 3:17 | Queue | Villager (Male) |
| 3:18 | Queue | Villager (Male) |
| 3:45 | Queue | Villager (Male) |
| 3:46 | Queue | Villager (Male) |
| 3:49 | Build | House |
| 4:39 | Build | House |
| 5:05 | Queue | Villager (Male) |
| 5:05 | Queue | Villager (Male) |
| 5:15 | Queue | Villager (Male) |
| 5:15 | Queue | Villager (Male) |
| 6:44 | Build | Barracks |
| 6:58 | Queue | Villager (Male) |
| 7:30 | Research | Feudal Age |
| 7:34 | Queue | Militia |
| 7:58 | Queue | Militia |
| 8:13 | Queue | Villager (Male) |
| 8:13 | Queue | Villager (Male) |
| 8:24 | Queue | Militia |
| 8:25 | Queue | Militia |
| 8:47 | Build | Mill |
| 9:17 | Build | House |
| 9:21 | Build | House |
| 9:40 | Age | Feudal Age |
| 9:47 | Research | Man-at-Arms (upgrade) |
| 10:00 | Queue | Villager (Male) |
| 10:21 | Research | Arson |
| 10:58 | Build | Archery Range |
| 11:01 | Queue | Villager (Male) |
| 11:01 | Queue | Villager (Male) |
| 11:02 | Queue | Villager (Male) |
| 11:56 | Queue | Archer |
| 11:57 | Queue | Archer |
| 11:57 | Queue | Archer |
| 12:02 | Build | House |
| 12:03 | Build | House |
| 12:06 | Queue | Villager (Male) |
| 12:07 | Queue | Villager (Male) |
| 12:12 | Research | Double-Bit Axe |
| 12:17 | Build | Mining Camp |
| 12:41 | Queue | Militia |
| 12:42 | Queue | Militia |
| 13:22 | Queue | Archer |
| 13:22 | Queue | Archer |
| 14:15 | Queue | Militia |
| 14:15 | Queue | Militia |
| 14:18 | Queue | Archer |
| 14:18 | Queue | Archer |
| 14:18 | Queue | Archer |
| 14:20 | Queue | Villager (Male) |
| 14:21 | Queue | Villager (Male) |
| 14:48 | Build | Blacksmith |
| 14:53 | Queue | Villager (Male) |
| 14:54 | Queue | Villager (Male) |
| 15:02 | Queue | Militia |
| 15:02 | Queue | Militia |
| 15:04 | Queue | Archer |
| 15:04 | Queue | Archer |
| 15:08 | Build | House |
| 15:09 | Build | House |
| 15:16 | Queue | Villager (Male) |
| 15:16 | Queue | Villager (Male) |
| 15:41 | Research | Fletching |
| 16:17 | Research | Padded Archer Armor |
| 16:49 | Build | Lumber Camp |
| 16:52 | Build | Farm |
| 16:52 | Build | Farm |
| 16:52 | Build | Farm |
| 16:52 | Build | Farm |
| 16:53 | Build | Farm |
| 16:53 | Build | Farm |
| 18:27 | Build | Farm |
| 18:28 | Build | Farm |
| 18:28 | Build | Farm |
| 18:28 | Build | Farm |
| 18:29 | Build | Farm |
| 18:29 | Build | Farm |
| 19:47 | Build | Market |
| 19:49 | Queue | Villager (Male) |
| 19:49 | Queue | Villager (Male) |
| 19:50 | Queue | Villager (Male) |
| 19:51 | Build | Farm |
| 20:12 | Build | House |
| 20:13 | Build | House |
| 20:42 | Queue | Archer |
| 20:42 | Queue | Archer |
| 21:00 | Research | Castle Age |
| 21:00 | Research | Castle Age |
| 21:09 | Build | Farm |
| 21:09 | Build | Farm |
| 21:09 | Build | Farm |
| 21:09 | Build | Farm |
| 21:17 | Build | Archery Range |
| 21:25 | Queue | Archer |
| 21:25 | Queue | Archer |
| 21:28 | Queue | Eagle Scout |
| 21:46 | Research | Scale Mail Armor |
| 22:10 | Queue | Eagle Scout |
| 23:05 | Queue | Archer |
| 23:06 | Queue | Archer |
| 23:06 | Queue | Archer |
| 23:06 | Queue | Archer |
| 23:44 | Age | Castle Age |
| 23:55 | Research | Crossbowman (upgrade) |
| 23:56 | Research | Thumb Ring |
| 23:59 | Build | Town Center |
| 24:18 | Build | Town Center |
| 24:27 | Research | Bodkin Arrow |
| 24:31 | Queue | Eagle Scout |
| 24:45 | Research | Bow Saw |
| 24:45 | Research | Bow Saw |
| 25:02 | Queue | Archer |
| 25:21 | Queue | Eagle Scout |
| 25:22 | Queue | Eagle Scout |
| 25:27 | Queue | Villager (Male) |
| 25:27 | Queue | Villager (Male) |
| 25:27 | Queue | Villager (Male) |
| 25:27 | Queue | Villager (Male) |
| 25:28 | Queue | Villager (Male) |
| 26:20 | Queue | Villager (Male) |
| 26:20 | Queue | Villager (Male) |
| 26:21 | Queue | Villager (Male) |
| 26:21 | Queue | Villager (Male) |
| 26:21 | Queue | Villager (Male) |
| 27:49 | Build | Siege Workshop |
| 27:54 | Queue | Archer |
| 27:54 | Queue | Archer |
| 27:54 | Queue | Archer |
| 27:55 | Queue | Archer |
| 28:09 | Research | Leather Archer Armor |
| 28:14 | Queue | Archer |
| 28:14 | Queue | Archer |
| 28:14 | Queue | Archer |
| 28:26 | Queue | Eagle Scout |
| 28:26 | Queue | Eagle Scout |
Build order — Nagflar
136 actions detected in the replay
| 0:10 | Build | House |
| 0:11 | Queue | Villager (Male) |
| 0:11 | Queue | Villager (Male) |
| 0:11 | Queue | Villager (Male) |
| 0:11 | Queue | Villager (Male) |
| 0:12 | Queue | Villager (Male) |
| 0:13 | Build | House |
| 1:26 | Queue | Villager (Male) |
| 2:06 | Build | Settlement |
| 2:09 | Queue | Villager (Male) |
| 2:09 | Queue | Villager (Male) |
| 3:00 | Queue | Villager (Male) |
| 3:00 | Queue | Villager (Male) |
| 3:02 | Queue | Villager (Male) |
| 3:58 | Queue | Villager (Male) |
| 3:59 | Queue | Villager (Male) |
| 4:00 | Queue | Villager (Male) |
| 4:12 | Queue | Villager (Male) |
| 5:58 | Queue | Villager (Male) |
| 5:59 | Queue | Villager (Male) |
| 5:59 | Queue | Villager (Male) |
| 6:59 | Build | Settlement |
| 7:03 | Queue | Villager (Male) |
| 7:05 | Queue | Villager (Male) |
| 8:09 | Research | Feudal Age |
| 8:09 | Research | Feudal Age |
| 9:24 | Build | Barracks |
| 9:34 | Research | Loom |
| 9:53 | Build | Barracks |
| 10:19 | Age | Feudal Age |
| 10:23 | Queue | Spearman |
| 10:24 | Queue | Spearman |
| 10:51 | Queue | Unit 2550 |
| 10:52 | Queue | Unit 2550 |
| 11:41 | Build | Farm |
| 11:42 | Build | Farm |
| 12:00 | Queue | Villager (Male) |
| 12:01 | Queue | Villager (Male) |
| 12:05 | Build | Farm |
| 12:07 | Build | Farm |
| 12:47 | Queue | Villager (Male) |
| 12:50 | Queue | Villager (Male) |
| 13:09 | Build | House |
| 13:10 | Build | House |
| 13:21 | Queue | Villager (Male) |
| 13:21 | Queue | Villager (Male) |
| 13:38 | Queue | Spearman |
| 13:38 | Queue | Spearman |
| 13:38 | Queue | Spearman |
| 14:07 | Queue | Villager (Male) |
| 14:34 | Queue | Skirmisher |
| 14:34 | Queue | Skirmisher |
| 14:39 | Queue | Villager (Male) |
| 14:52 | Build | Settlement |
| 15:03 | Build | Farm |
| 15:07 | Queue | Villager (Male) |
| 15:17 | Build | Market |
| 15:40 | Queue | Skirmisher |
| 15:41 | Queue | Skirmisher |
| 15:54 | Build | Farm |
| 15:59 | Queue | Villager (Male) |
| 16:16 | Queue | Skirmisher |
| 16:19 | Build | Farm |
| 16:28 | Queue | Villager (Male) |
| 16:41 | Research | Double-Bit Axe |
| 16:52 | Queue | Skirmisher |
| 16:53 | Queue | Skirmisher |
| 16:56 | Queue | Skirmisher |
| 17:01 | Queue | Villager (Male) |
| 17:05 | Build | House |
| 17:06 | Build | House |
| 17:07 | Build | House |
| 17:08 | Build | House |
| 18:04 | Queue | Villager (Male) |
| 18:04 | Queue | Villager (Male) |
| 18:38 | Build | Settlement |
| 18:41 | Queue | Villager (Male) |
| 18:42 | Queue | Villager (Male) |
| 20:03 | Queue | Villager (Male) |
| 20:05 | Queue | Skirmisher |
| 20:05 | Queue | Skirmisher |
| 20:10 | Queue | Villager (Male) |
| 20:30 | Queue | Villager (Male) |
| 20:38 | Build | Farm |
| 20:44 | Queue | Villager (Male) |
| 20:55 | Build | House |
| 21:01 | Build | Farm |
| 21:11 | Queue | Villager (Male) |
| 21:31 | Build | Farm |
| 21:45 | Build | Blacksmith |
| 21:50 | Build | House |
| 21:52 | Build | House |
| 22:15 | Queue | Villager (Male) |
| 22:16 | Queue | Villager (Male) |
| 23:10 | Queue | Villager (Male) |
| 23:10 | Queue | Villager (Male) |
| 23:20 | Build | Farm |
| 23:20 | Build | Farm |
| 23:20 | Build | Farm |
| 23:21 | Build | Farm |
| 23:21 | Build | Farm |
| 23:21 | Build | Farm |
| 24:03 | Build | House |
| 24:10 | Build | Palisade Wall |
| 24:23 | Build | Palisade Wall |
| 24:28 | Research | Castle Age |
| 24:49 | Queue | Villager (Male) |
| 25:05 | Queue | Skirmisher |
| 25:05 | Queue | Skirmisher |
| 25:06 | Queue | Skirmisher |
| 25:23 | Build | Archery Range |
| 25:33 | Build | Archery Range |
| 25:52 | Queue | Skirmisher |
| 25:53 | Queue | Skirmisher |
| 26:29 | Queue | Skirmisher |
| 26:39 | Research | Tech 1402 |
| 26:50 | Queue | Skirmisher |
| 26:51 | Queue | Skirmisher |
| 27:08 | Age | Castle Age |
| 27:11 | Research | Bow Saw |
| 27:13 | Research | Fletching |
| 27:51 | Build | Town Center |
| 28:02 | Research | Padded Archer Armor |
| 28:34 | Build | Siege Workshop |
| 29:37 | Queue | Mangonel |
| 29:44 | Queue | Villager (Male) |
| 29:45 | Queue | Villager (Male) |
| 30:16 | Research | Bodkin Arrow |
| 30:35 | Queue | Scorpion |
| 30:39 | Queue | Villager (Male) |
| 32:04 | Queue | Scorpion |
| 32:07 | Queue | Villager (Male) |
| 32:07 | Queue | Villager (Male) |
| 32:08 | Queue | Villager (Male) |
| 32:08 | Queue | Villager (Male) |
| 33:13 | Queue | Villager (Male) |
Match timeline
| 6:44 | Dafixios · first_building Barracks |
| 9:24 | Nagflar · first_building Barracks |
| 9:40 | Dafixios · age_up feudal |
| 10:19 | Nagflar · age_up feudal |
| 10:58 | Dafixios · first_building Archery Range |
| 20:46 | Dafixios · first_market_buy 100 food |
| 23:44 | Dafixios · age_up castle |
| 24:10 | Nagflar · wall_segment Palisade Wall x14 |
| 24:23 | Nagflar · wall_segment Palisade Wall x15 |
| 25:23 | Nagflar · first_building Archery Range |
| 27:08 | Nagflar · age_up castle |
| 27:49 | Dafixios · first_building Siege Workshop |
| 28:34 | Nagflar · first_building Siege Workshop |
| 29:06 | Dafixios · first_building Monastery |
| 32:11 | Nagflar · first_market_sell 100 wood |
| 35:19 | Nagflar · resign |
[ AI ANALYSIS · 1 CREDIT ]
What really happened in this match?
Wolo.gg analyzes every decision: build order, eco, micro, common mistakes by bracket. Personalized analysis on WhatsApp or Discord in 30 seconds.
Civ guide
Maya
Perfil
Jugador #4071736